General information
- name: BNet
- type: Ladder team game (AT/RT)
- host: Battle.net
- saver: LightsCamAction
map: Mur'gulOasis
- players: 8
- length: 24:18
- speed: Fast
- version: 1.28 W3XP
- replay type: Public
» download(224 KB)
Players
team 1 (loser)

»
Delroy (
yellow | 67 APM | 1620 actions | 24:17)
3 Death Knight
2 Death Coil
1 Unholy Aura
5 Crypt Lord
3 Carrion Beetles
2 Spiked Carapace
4 Dreadlord
2 Sleep
2 Carrion Swarm
» actions
| Assign group hotkey | 1 | |
| Basic commands | 101 | |
| Build / train | 84 | |
| ESC pressed | 9 | |
| Enter build submenu | 14 | |
| Enter hero's abilities submenu | 12 | |
| Give item / drop item | 4 | |
| Remove unit from queue | 3 | |
| Right click | 780 | |
| Select / deselect | 526 | |
| Use ability | 86 | |
1620 total
» units
| Acolyte | 28 | |
| Ghoul | 7 | |
| Crypt Fiend | 11 | |
46 total
» upgrades
| Creature Attack | 2 | |
| Creature Carapace | 2 | |
| Web | 1 | |
5 total
» buildings
| Crypt | 1 | |
| Graveyard | 1 | |
| Altar of Darkness | 1 | |
| Ziggurat | 4 | |
| Tomb of Relics | 1 | |
| Halls of the Dead | 1 | |
| Black Citadel | 1 | |
| Sacrificial Pit | 1 | |
| Boneyard | 1 | |
12 total
» build order
00:10 Crypt
00:29 Graveyard
00:45 Altar of Darkness
00:48 Ziggurat
01:30 Ziggurat
01:53 Tomb of Relics
02:33 Ziggurat
04:47 Halls of the Dead
06:21 Ziggurat
08:02 Black Citadel
08:09 Sacrificial Pit
11:58 Boneyard
» items
| Rod of Necromancy | 4 | |
| Orb of Corruption | 2 | |
| Scroll of Town Portal | 3 | |
9 total
ProjectPat11 (
orange | 36 APM | 829 actions | 23:02)
4 Mountain King
2 Storm Bolt
2 Bash
3 Paladin
2 Holy Light
1 Divine Shield
» actions
| Build / train | 59 | |
| Enter build submenu | 26 | |
| Enter hero's abilities submenu | 7 | |
| Right click | 387 | |
| Select / deselect | 303 | |
| Use ability | 47 | |
829 total
» units
| Peasant | 11 | |
| Rifleman | 12 | |
| Sorceress | 6 | |
| Priest | 4 | |
33 total
» upgrades
| Gunpowder | 3 | |
| Masonry | 1 | |
| Long Rifles | 1 | |
| Armor | 2 | |
| Magic Sentry | 1 | |
| Sorceress Training | 1 | |
| Priest Training | 2 | |
11 total
» buildings
| Farm | 10 | |
| Barracks | 1 | |
| Blacksmith | 1 | |
| Altar of Kings | 1 | |
| Scout Tower | 5 | |
| Lumber Mill | 1 | |
| Guard Tower | 3 | |
| Arcane Tower | 1 | |
| Keep | 1 | |
| Arcane Vault | 1 | |
| Castle | 1 | |
| Arcane Sanctum | 2 | |
| Town Hall | 1 | |
29 total
» build order
00:23 Farm
00:39 Barracks
00:55 Blacksmith
01:01 Farm
01:38 Farm
01:56 Altar of Kings
02:24 Scout Tower
02:31 Lumber Mill
02:56 Scout Tower
03:10 Farm
03:37 Guard Tower
03:42 Guard Tower
03:57 Scout Tower
04:24 Arcane Tower
05:13 Keep
05:31 Farm
06:24 Arcane Vault
06:57 Farm
08:00 Farm
08:13 Castle
08:46 Arcane Sanctum
10:11 Arcane Sanctum
11:05 Farm
12:27 Farm
13:10 Farm
15:07 Town Hall
15:58 Scout Tower
16:03 Scout Tower
16:42 Guard Tower
Umaxik (
purple | 79 APM | 1864 actions | 23:40)
5 Blademaster
2 Wind Walk
3 Critical Strike
» actions
| Assign group hotkey | 20 | |
| Build / train | 64 | |
| Enter build submenu | 13 | |
| Enter hero's abilities submenu | 6 | |
| Remove unit from queue | 1 | |
| Right click | 1430 | |
| Select / deselect | 183 | |
| Select group hotkey | 66 | |
| Use ability | 81 | |
1864 total
» units
» upgrades
| Spiked Barricades | 2 | |
| Armor | 2 | |
| Berserker Strength | 1 | |
| Shaman Training | 2 | |
| Melee Weapons | 1 | |
8 total
» buildings
| Altar of Storms | 1 | |
| Orc Burrow | 3 | |
| Barracks | 1 | |
| Voodoo Lounge | 1 | |
| War Mill | 1 | |
| Stronghold | 1 | |
| Watch Tower | 4 | |
| Spirit Lodge | 1 | |
| Fortress | 1 | |
14 total
» build order
00:18 Altar of Storms
00:23 Orc Burrow
00:33 Barracks
01:25 Voodoo Lounge
02:00 Orc Burrow
03:30 War Mill
04:29 Stronghold
05:09 Watch Tower
06:16 Watch Tower
09:21 Spirit Lodge
10:50 Orc Burrow
11:54 Watch Tower
12:50 Watch Tower
14:54 Fortress
» items
| Healing Salve | 5 | |
| Scroll of Speed | 3 | |
| Scroll of Town Portal | 2 | |
| Orb of Lightning | 1 | |
11 total

»
sorrynotsorry (
green | 119 APM | 2815 actions | 23:35)
6 Blademaster
2 Wind Walk
3 Critical Strike
1 Bladestorm
4 Shadow Hunter
2 Hex
2 Healing Wave
» actions
| Assign group hotkey | 42 | |
| Basic commands | 30 | |
| Build / train | 69 | |
| ESC pressed | 5 | |
| Enter build submenu | 19 | |
| Enter hero's abilities submenu | 10 | |
| Give item / drop item | 2 | |
| Remove unit from queue | 2 | |
| Right click | 1300 | |
| Select / deselect | 452 | |
| Select group hotkey | 787 | |
| Use ability | 97 | |
2815 total
» units
| Peon | 10 | |
| Grunt | 3 | |
| Shaman | 5 | |
| Wind Rider | 7 | |
| Spirit Walker | 2 | |
27 total
» upgrades
| Armor | 1 | |
| Berserker Strength | 2 | |
| Shaman Training | 2 | |
| Ranged Weapons | 2 | |
| Spirit Walker Training | 2 | |
| Witch Doctor Training | 1 | |
10 total
» buildings
| Altar of Storms | 1 | |
| Orc Burrow | 6 | |
| Barracks | 1 | |
| Voodoo Lounge | 2 | |
| Stronghold | 3 | |
| War Mill | 1 | |
| Spirit Lodge | 3 | |
| Fortress | 3 | |
| Beastiary | 2 | |
| Great Hall | 1 | |
| Watch Tower | 1 | |
24 total
» build order
00:19 Altar of Storms
00:30 Orc Burrow
01:00 Barracks
01:42 Voodoo Lounge
01:44 Voodoo Lounge
02:53 Stronghold
02:53 Stronghold
02:53 Stronghold
03:19 Orc Burrow
03:25 Orc Burrow
03:28 War Mill
05:21 Spirit Lodge
05:25 Spirit Lodge
05:56 Fortress
05:56 Fortress
08:16 Beastiary
08:18 Beastiary
08:49 Orc Burrow
10:48 Orc Burrow
10:53 Great Hall
13:09 Orc Burrow
17:37 Spirit Lodge
18:35 Watch Tower
» items
| Healing Salve | 3 | |
| Lesser Clarity Potion | 3 | |
| Scroll of Speed | 1 | |
| Dust of Appearance | 1 | |
| Orb of Lightning | 1 | |
9 total
team 2 (winner)

»
Angelino (
pink | 78 APM | 1897 actions | 24:17)
8 Blademaster
3 Wind Walk
3 Critical Strike
1 Bladestorm
1 Mirror Image
» actions
| Assign group hotkey | 92 | |
| Basic commands | 66 | |
| Build / train | 57 | |
| Enter build submenu | 21 | |
| Enter hero's abilities submenu | 8 | |
| Give item / drop item | 1 | |
| Right click | 1124 | |
| Select / deselect | 219 | |
| Select group hotkey | 222 | |
| Use ability | 87 | |
1897 total
» units
| Peon | 7 | |
| Grunt | 8 | |
| Shaman | 7 | |
| Tauren | 6 | |
28 total
» upgrades
| Melee Weapons | 2 | |
| Armor | 1 | |
| Berserker Strength | 1 | |
| Shaman Training | 2 | |
| Pillage | 1 | |
| Pulverize | 1 | |
8 total
» buildings
| Altar of Storms | 1 | |
| Orc Burrow | 8 | |
| Barracks | 2 | |
| War Mill | 1 | |
| Voodoo Lounge | 2 | |
| Stronghold | 1 | |
| Fortress | 1 | |
| Spirit Lodge | 2 | |
| Tauren Totem | 2 | |
20 total
» build order
00:45 Altar of Storms
01:03 Orc Burrow
01:18 Barracks
02:14 War Mill
02:58 Voodoo Lounge
03:09 Orc Burrow
04:02 Stronghold
04:34 Barracks
05:01 Orc Burrow
06:04 Orc Burrow
07:47 Fortress
07:52 Spirit Lodge
08:50 Spirit Lodge
10:14 Tauren Totem
10:16 Tauren Totem
12:26 Voodoo Lounge
13:40 Orc Burrow
13:44 Orc Burrow
19:02 Orc Burrow
19:04 Orc Burrow
» items
| Healing Salve | 3 | |
| Scroll of Speed | 1 | |
| Boots of Speed | 1 | |
| Lesser Clarity Potion | 1 | |
| Orb of Lightning | 1 | |
| Potion of Healing | 1 | |
| Potion of Lesser Invulnerability | 1 | |
| Circlet of Nobility | 1 | |
10 total

»
Killer (
red | 108 APM | 2634 actions | 24:17)
8 Dark Ranger
3 Black Arrow
3 Silence
1 Charm
1 Life Drain
» actions
| Assign group hotkey | 530 | |
| Basic commands | 23 | |
| Build / train | 83 | |
| Enter build submenu | 37 | |
| Enter hero's abilities submenu | 8 | |
| Remove unit from queue | 6 | |
| Right click | 1189 | |
| Select / deselect | 352 | |
| Select group hotkey | 335 | |
| Use ability | 71 | |
2634 total
» units
| Peasant | 7 | |
| Rifleman | 26 | |
| Dragonhawk Rider | 2 | |
| Flying Machine | 2 | |
| Mortar Team | 1 | |
38 total
» upgrades
| Masonry | 3 | |
| Gunpowder | 2 | |
| Armor | 1 | |
| Long Rifles | 1 | |
7 total
» buildings
| Blacksmith | 1 | |
| Barracks | 1 | |
| Farm | 10 | |
| Scout Tower | 16 | |
| Arcane Tower | 1 | |
| Lumber Mill | 1 | |
| Altar of Kings | 1 | |
| Guard Tower | 6 | |
| Arcane Vault | 2 | |
| Keep | 1 | |
| Castle | 1 | |
| Gryphon Aviary | 1 | |
| Workshop | 1 | |
| Town Hall | 1 | |
44 total
» build order
00:07 Blacksmith
00:13 Barracks
00:21 Farm
01:55 Scout Tower
01:59 Farm
02:24 Arcane Tower
02:39 Farm
02:41 Scout Tower
02:51 Lumber Mill
03:03 Altar of Kings
03:40 Farm
04:12 Guard Tower
04:18 Farm
05:17 Arcane Vault
06:00 Farm
06:02 Keep
06:12 Scout Tower
06:17 Scout Tower
06:19 Scout Tower
06:45 Farm
06:56 Guard Tower
07:25 Farm
08:02 Farm
08:42 Farm
09:30 Arcane Vault
09:35 Scout Tower
09:36 Scout Tower
09:38 Scout Tower
09:39 Scout Tower
09:42 Scout Tower
09:44 Scout Tower
10:16 Guard Tower
10:18 Guard Tower
10:35 Guard Tower
10:55 Castle
11:37 Scout Tower
11:40 Scout Tower
11:41 Scout Tower
11:45 Scout Tower
11:48 Scout Tower
13:01 Gryphon Aviary
13:09 Workshop
15:09 Guard Tower
20:24 Town Hall
» items
| Scroll of Regeneration | 2 | |
| Potion of Healing | 6 | |
| Scroll of Town Portal | 2 | |
| Potion of Mana | 3 | |
| Orb of Lightning | 1 | |
14 total

»
TheNatureBoy (
blue | 82 APM | 1987 actions | 24:17)
5 Archmage
2 Summon Water Elemental
3 Brilliance Aura
» actions
| Assign group hotkey | 73 | |
| Basic commands | 196 | |
| Build / train | 75 | |
| ESC pressed | 8 | |
| Enter build submenu | 35 | |
| Enter hero's abilities submenu | 5 | |
| Give item / drop item | 1 | |
| Remove unit from queue | 1 | |
| Right click | 948 | |
| Select / deselect | 269 | |
| Select group hotkey | 312 | |
| Use ability | 64 | |
1987 total
» units
| Peasant | 20 | |
| Rifleman | 13 | |
| Gryphon Rider | 15 | |
48 total
» upgrades
| Masonry | 1 | |
| Lumber Harvesting | 2 | |
| Plating | 0 | |
| Armor | 2 | |
| Storm Hammers | 1 | |
| Animal War Training | 1 | |
| Swords | 1 | |
8 total
» buildings
| Altar of Kings | 1 | |
| Farm | 11 | |
| Barracks | 1 | |
| Blacksmith | 1 | |
| Lumber Mill | 1 | |
| Scout Tower | 9 | |
| Arcane Vault | 1 | |
| Arcane Tower | 1 | |
| Guard Tower | 3 | |
| Keep | 1 | |
| Castle | 1 | |
| Gryphon Aviary | 3 | |
| Town Hall | 2 | |
36 total
» build order
00:24 Altar of Kings
00:38 Farm
00:41 Barracks
01:24 Blacksmith
01:38 Lumber Mill
01:44 Farm
01:56 Scout Tower
02:05 Scout Tower
02:09 Arcane Vault
02:23 Farm
02:37 Scout Tower
02:42 Farm
03:13 Arcane Tower
03:15 Guard Tower
03:34 Farm
03:39 Farm
04:20 Keep
04:24 Farm
04:25 Scout Tower
04:26 Farm
04:37 Scout Tower
04:38 Farm
06:04 Guard Tower
06:47 Castle
07:18 Gryphon Aviary
07:21 Gryphon Aviary
07:24 Gryphon Aviary
07:32 Guard Tower
12:20 Farm
12:20 Farm
15:05 Town Hall
18:52 Scout Tower
18:55 Scout Tower
18:56 Scout Tower
18:57 Scout Tower
23:38 Town Hall
» items
LightsCamAction (
teal | 72 APM | 1740 actions | 24:18)
7 Blood Mage
3 Flame Strike
3 Siphon Mana
1 Summon Phoenix
» actions
| Assign group hotkey | 82 | |
| Basic commands | 44 | |
| Build / train | 84 | |
| Enter build submenu | 24 | |
| Enter hero's abilities submenu | 7 | |
| Give item / drop item | 3 | |
| Remove unit from queue | 5 | |
| Right click | 752 | |
| Select / deselect | 390 | |
| Select group hotkey | 212 | |
| Use ability | 137 | |
1740 total
» units
| Peasant | 15 | |
| Footman | 4 | |
| Sorceress | 12 | |
31 total
» upgrades
| Lumber Harvesting | 1 | |
| Masonry | 3 | |
| Sorceress Training | 2 | |
| Magic Sentry | 1 | |
7 total
» buildings
| Altar of Kings | 1 | |
| Barracks | 1 | |
| Farm | 8 | |
| Scout Tower | 9 | |
| Arcane Tower | 3 | |
| Keep | 1 | |
| Arcane Vault | 1 | |
| Lumber Mill | 1 | |
| Guard Tower | 3 | |
| Arcane Sanctum | 2 | |
| Castle | 1 | |
31 total
» build order
00:48 Altar of Kings
00:49 Barracks
00:58 Farm
00:59 Farm
01:04 Farm
01:06 Farm
01:33 Scout Tower
02:03 Farm
02:14 Arcane Tower
03:28 Keep
03:51 Arcane Vault
04:30 Lumber Mill
05:29 Scout Tower
06:09 Guard Tower
06:19 Arcane Sanctum
06:20 Arcane Sanctum
06:28 Scout Tower
06:29 Scout Tower
06:30 Scout Tower
07:40 Guard Tower
08:03 Farm
08:04 Farm
08:05 Farm
10:36 Castle
12:57 Scout Tower
12:57 Scout Tower
13:02 Scout Tower
13:03 Scout Tower
13:38 Guard Tower
13:38 Guard Tower
14:05 Arcane Tower
14:12 Arcane Tower
» items
| Scroll of Regeneration | 3 | |
| Boots of Speed | 1 | |
| Periapt of Vitality | 1 | |
| Potion of Invisibility | 2 | |
| Staff of Teleportation | 1 | |
| Scroll of Town Portal | 6 | |
| Potion of Healing | 6 | |
| Lesser Clarity Potion | 2 | |
| Potion of Mana | 2 | |
24 total
Chat log
(07:00 / Allies) TheNatureBoy: holy shit
(09:47 / All) Delroy: NICE U FOUND ME BRO
(10:27 / Allies) LightsCamAction: kill his gold mine
(12:16 / All) LightsCamAction: fukkin hex
(13:26 / Allies) TheNatureBoy: ,main
(15:38 / Allies) Killer: "let's skip red:"
(16:07 / Allies) TheNatureBoy: brt
(16:10 / Allies) LightsCamAction: upgrade buidlings
(20:28 / All) LightsCamAction: WHOOPS
(20:34 / All) LightsCamAction: goddamnit
(20:47 / All) LightsCamAction: can't beleive I did that LOL
(20:57 / All) Delroy: i didnt notice
(20:58 / All) Delroy: what u do?
(21:16 / All) LightsCamAction: I didn't finish flame before I summoned phoenix
(21:30 / All) Delroy: oh lol nub
(21:57 / All) Delroy: im pretty sure we lost.
(22:05 / All) Killer: we're all winners here
(22:33 / Allies) TheNatureBoy: melee
(22:33 / Allies) TheNatureBoy: go
(23:06 / All) Delroy: orange feeds
(23:06 / Allies) TheNatureBoy: gg
(23:08 / All) Delroy: and before he leaves
(23:11 / All) Delroy: he says yall run too much.
(23:16 / All) TheNatureBoy: lol
(23:33 / All) sorrynotsorry: gg
(23:52 / All) Delroy: pretty niggery game.
(24:07 / Allies) TheNatureBoy: gg
(24:16 / All) Delroy: delroy #1